[Event "NCC Open Championship"]
[Site "Braeburn School"]
[Date "2022.08.19"]
[Round "3"]
[White "Zamir Zayan"]
[Black "Willy Simons"]
[Result "0-1"]
[BlackElo "2400"]
[ECO "D79"]
[Opening "Neo-Grünfeld, 6.O-O c6 7.cxd5 cxd5 8.Nc3 Nc6"]
[Time "08:39:13"]
[Variation "Fianchetto"]
[WhiteElo "2400"]
[TimeControl "300"]
[Termination "normal"]
[PlyCount "72"]
[WhiteType "human"]
[BlackType "human"]

1. d4 Nf6 2. c4 g6 3. Nf3 Bg7 4. g3 c6 5. Bg2 d5 6. O-O O-O 7. cxd5 cxd5 8.
Nc3 Nc6 9. a3 Bf5 10. Ne5 e6 11. Bg5 h6 12. Nxc6 bxc6 13. Bf4 g5 14. Be5
Nd7 15. Bxg7 Kxg7 16. e4 Bg6 17. Re1 Rb8 18. b4 Nb6 19. Bf1 Qd7 20. Bd3
dxe4 21. Bxe4 Rfd8 22. Bxg6 Kxg6 23. Qd3+ Kg7 24. Rad1 Nd5 25. Ne4 Rb5 26.
Re2 a5 27. bxa5 Rxa5 28. Nc5 Qe7 29. Rde1 Nc7 30. Nb7 Rxa3 31. Qxa3 Qxa3
32. Nxd8 Qd6 33. Nb7 Qxd4 34. Rc1 Qb6 35. Nd8 c5 36. Rd2 Nd5 0-1

[Event "NCC Open Championship"]
[Site "Braeburn School"]
[Date "2022.08.19"]
[Round "3"]
[White "Viacheslav Chvoro"]
[Black "Jeremy Morara Michoma"]
[Result "1-0"]
[BlackElo "2400"]
[ECO "C44"]
[Opening "Scotch Gambit"]
[Time "08:39:13"]
[Variation "3...exd4"]
[WhiteElo "2400"]
[TimeControl "300"]
[Termination "normal"]
[PlyCount "59"]
[WhiteType "human"]
[BlackType "human"]

1. e4 e5 2. Nf3 Nc6 3. d4 exd4 4. Bc4 h6 5. O-O Bc5 6. Bf4 Nge7 7. Nbd2 O-O
8. Nb3 Bb6 9. Nbxd4 Nxd4 10. Nxd4 d5 11. exd5 Nxd5 12. Be5 Re8 13. Re1 Nf6
14. Bxf6 Rxe1+ 15. Qxe1 gxf6 16. Rd1 Bxd4 17. Rxd4 Qf8 18. Qe4 c6 19. Bd3
f5 20. Qe5 Be6 21. Bxf5 Bxf5 22. Qxf5 Rd8 23. Rg4+ Kh8 24. Qf6+ Kh7 25. g3
Rd6 26. Qf5+ Kh8 27. Qe5+ Kh7 28. c3 Rd2 29. c4 Qh8 30. Qf5# 1-0

[Event "NCC Open Championship"]
[Site "Braeburn School"]
[Date "2022.08.19"]
[Round "3"]
[White "James Todd"]
[Black "Mutaha Samuel Mwaniki"]
[Result "0-1"]
[BlackElo "2400"]
[ECO "B75"]
[Opening "Sicilian"]
[Time "08:39:13"]
[Variation "Dragon, Yugoslav, 7...Nc6 8.Bc4"]
[WhiteElo "2400"]
[TimeControl "300"]
[Termination "normal"]
[PlyCount "62"]
[WhiteType "human"]
[BlackType "human"]

1. e4 c5 2. Nf3 d6 3. d4 cxd4 4. Nxd4 Nc6 5. Nc3 Nf6 6. Bc4 g6 7. f3 Bg7 8.
Be3 Qc7 9. Bb3 a6 10. O-O O-O 11. a3 Bd7 12. Qd2 Ne5 13. h3 Rac8 14. Rae1
Nc4 15. Bxc4 Qxc4 16. f4 e5 17. fxe5 dxe5 18. Nb3 Bc6 19. Bh6 Nxe4 20. Nxe4
Bxe4 21. Bxg7 Kxg7 22. Qe3 f5 23. Nd2 Qxc2 24. Nxe4 fxe4 25. Rxf8 Rxf8 26.
Qxe4 Qxe4 27. Rxe4 Kf6 28. g4 Rd8 29. Kf2 Rd1 30. h4 Ke6 31. Ke2 Rh1 0-1

[Event "NCC Open Championship"]
[Site "Braeburn School"]
[Date "2022.08.19"]
[Round "4"]
[White "Ricky Sang"]
[Black "Ezekiel Masiko"]
[Result "1-0"]
[BlackElo "2400"]
[ECO "B96"]
[Opening "Sicilian"]
[Time "08:39:13"]
[Variation "Najdorf, 7.f4 h6"]
[WhiteElo "2400"]
[TimeControl "300"]
[Termination "normal"]
[PlyCount "91"]
[WhiteType "human"]
[BlackType "human"]

1. e4 c5 2. Nf3 d6 3. d4 cxd4 4. Nxd4 Nf6 5. Nc3 a6 6. Bg5 e6 7. f4 h6 8.
Bh4 Be7 9. Qf3 Nbd7 10. O-O-O Qa5 11. Nb3 Qh5 12. Qxh5 Nxh5 13. Bxe7 Kxe7
14. g3 b5 15. Bg2 Rb8 16. Na5 Rb6 17. Rhe1 Re8 18. Bf3 Nhf6 19. e5 dxe5 20.
fxe5 Ng8 21. Rd4 Nc5 22. Red1 f6 23. b4 Na4 24. Nxa4 bxa4 25. exf6+ Nxf6
26. a3 e5 27. Rc4 Bd7 28. Rc7 e4 29. Be2 Rc8 30. Rxc8 Bxc8 31. c4 Bg4 32.
Re1 Bxe2 33. Rxe2 Ke6 34. c5 Rb8 35. Kc2 Rc8 36. Nc4 Rc6 37. Nb6 a5 38.
Nxa4 axb4 39. axb4 Kd5 40. b5 Re6 41. Kc3 e3 42. Kb4 Kd4 43. Nc3 Nd7 44. c6
Nb6 45. Ra2 Kd3 46. Ne2 1-0

[Event "NCC Open Championship"]
[Site "Braeburn School"]
[Date "2022.08.19"]
[Round "4"]
[White "Harmony Odhiambo"]
[Black "Ian Mutuge"]
[Result "0-1"]
[BlackElo "2400"]
[ECO "A20"]
[Opening "English"]
[Time "08:39:13"]
[Variation "KID, 2.g3 Nf6 3.Bg2"]
[WhiteElo "2400"]
[TimeControl "300"]
[Termination "normal"]
[PlyCount "164"]
[WhiteType "human"]
[BlackType "human"]

1. c4 e5 2. g3 Nf6 3. Bg2 Be7 4. Nc3 O-O 5. Nf3 Nc6 6. O-O d6 7. d4 exd4 8.
Nxd4 Ne5 9. b3 Rb8 10. Bb2 Bd7 11. Qd2 Qc8 12. Rfd1 Bh3 13. Bh1 Re8 14.
Rac1 a6 15. Nd5 Bd8 16. Nxf6+ Bxf6 17. c5 dxc5 18. Rxc5 c6 19. Rc2 Qc7 20.
b4 Rbd8 21. Qc1 Qe7 22. a3 Ng4 23. e3 g6 24. Rcd2 h5 25. Rd3 h4 26. Ne2 Ne5
27. Rxd8 Rxd8 28. Nf4 Bg4 29. Rxd8+ Qxd8 30. h3 Bf5 31. g4 Bc8 32. Qc2 Qd6
33. Be4 Nd7 34. Kg2 Bxb2 35. Qxb2 Nf8 36. Qc3 Ne6 37. Nxe6 Bxe6 38. Qf6 a5
39. Qd4 Qxd4 40. exd4 axb4 41. axb4 Kf8 42. f4 f5 43. gxf5 Bxf5 44. Kf3 Kg7
45. d5 cxd5 46. Bxd5 b6 47. Ke3 Bxh3 48. Kd4 Kf6 49. Ba8 Bf1 50. Ke3 h3 51.
Kf2 Bb5 52. Be4 Bd7 53. Kg3 g5 54. fxg5+ Kxg5 55. Bf3 Kf6 56. Kf4 Ke6 57.
b5 Kd6 58. Kg3 Kc5 59. Be2 Bxb5 60. Bxb5 Kxb5 61. Kxh3 Kc4 62. Kg2 Kc3 63.
Kf2 b5 64. Ke2 Kc2 65. Ke3 b4 66. Kd4 b3 67. Ke3 b2 68. Ke4 b1=Q 69. Ke3
Qd1 70. Ke4 Qd2 71. Ke5 Qd3 72. Kf4 Qe2 73. Kf5 Qe3 74. Kf6 Qe4 75. Kg7 Qc6
76. Kf7 Kc3 77. Ke7 Kd4 78. Kf7 Ke5 79. Kg7 Kf5 80. Kf7 Qb7+ 81. Ke8 Ke6
82. Kd8 Qd7# 0-1

[Event "NCC Open Championship"]
[Site "Braeburn School"]
[Date "2022.08.19"]
[Round "4"]
[White "Veniamin Negru"]
[Black "James Panchol"]
[Result "0-1"]
[BlackElo "2400"]
[ECO "B30"]
[Opening "Sicilian"]
[Time "08:39:13"]
[Variation "2...Nc6 3.Nc3 g6"]
[WhiteElo "2400"]
[TimeControl "300"]
[Termination "normal"]
[PlyCount "62"]
[WhiteType "human"]
[BlackType "human"]

1. e4 c5 2. Nf3 Nc6 3. Nc3 g6 4. Bc4 Bg7 5. d3 e6 6. Be3 d6 7. Qd2 Nge7 8.
Bh6 Bf6 9. a3 d5 10. Qf4 Bxc3+ 11. bxc3 dxc4 12. dxc4 Qa5 13. Qf6 Rg8 14.
Ng5 Nd8 15. Rd1 Nec6 16. O-O Qc7 17. Rd2 Qe7 18. Nxh7 e5 19. Bg5 Ne6 20.
Qxe7+ Nxe7 21. Nf6+ Kf8 22. Bh6+ Rg7 23. Rfd1 Nc6 24. h4 Ke7 25. Nd5+ Kf8
26. Nf6 Nf4 27. Rd8+ Nxd8 28. Rxd8+ Ke7 29. Re8+ Kd6 30. Bxg7 Ne6 31. Ng4
Nxg7 0-1

[Event "NCC Open Championship"]
[Site "Braeburn School"]
[Date "2022.08.19"]
[Round "4"]
[White "Trevor Mulindi"]
[Black "Viacheslav Chvoro"]
[Result "1-0"]
[BlackElo "2400"]
[ECO "E18"]
[Opening "Queen's Indian"]
[Time "08:39:13"]
[Variation "7.Nc3 d6"]
[WhiteElo "2400"]
[TimeControl "300"]
[Termination "normal"]
[PlyCount "135"]
[WhiteType "human"]
[BlackType "human"]

1. d4 Nf6 2. Nf3 e6 3. g3 b6 4. Bg2 Bb7 5. O-O Be7 6. c4 O-O 7. Nc3 d6 8.
Re1 Nbd7 9. e4 c5 10. e5 Ne8 11. d5 Nxe5 12. Nxe5 dxe5 13. dxe6 Bxg2 14.
exf7+ Rxf7 15. Kxg2 Bf6 16. Nd5 Nc7 17. Nxc7 Qxc7 18. Qe2 Raf8 19. Be3 Qc6+
20. Kg1 e4 21. Rad1 Be5 22. Rd5 Qf6 23. b3 Bd4 24. Rf1 Bxe3 25. Qxe3 Qb2
26. Rd2 Qe5 27. Re1 Re7 28. Rd5 Qf6 29. Red1 Qf3 30. Re1 Ref7 31. Rd2 Re8
32. Qxf3 Rxf3 33. Rde2 Ref8 34. Rd1 Re8 35. Rd7 Rf7 36. Red2 e3 37. fxe3
Rxe3 38. Rxf7 Kxf7 39. Kf2 Re7 40. Kf3 Kf6 41. Rd6+ Re6 42. Rxe6+ Kxe6 43.
Kf4 Kf6 44. h4 Kg6 45. g4 Kf6 46. g5+ Kg6 47. Kg4 h5+ 48. Kf4 Kf7 49. Ke5
Kg6 50. Ke6 a6 51. a3 Kh7 52. Kf7 b5 53. a4 bxa4 54. bxa4 a5 55. Ke6 Kg6
56. Ke5 Kf7 57. Kd5 Kg6 58. Ke6 Kh7 59. Kf7 Kh8 60. Kg6 Kg8 61. Kxh5 Kf7
62. Kg4 g6 63. h5 gxh5+ 64. Kxh5 Kg7 65. g6 Kg8 66. Kg5 Kg7 67. Kf5 Kg8 68.
Ke5 1-0

[Event "NCC Open Championship"]
[Site "Braeburn School"]
[Date "2022.08.19"]
[Round "4"]
[White "Willy Simons"]
[Black "Victor Hongo"]
[Result "0-1"]
[BlackElo "2400"]
[ECO "B01"]
[Opening "Scandinavian"]
[Time "08:39:13"]
[Variation "Schiller, 4.d4 Nf6"]
[WhiteElo "2400"]
[TimeControl "300"]
[Termination "normal"]
[PlyCount "44"]
[WhiteType "human"]
[BlackType "human"]

1. e4 d5 2. exd5 Qxd5 3. Nc3 Qd6 4. d4 Nf6 5. Nf3 Bg4 6. Be2 c6 7. Be3 e6
8. Ne5 Bxe2 9. Qxe2 Be7 10. g4 Qb4 11. O-O-O Nbd7 12. f4 Nxe5 13. dxe5 Nd5
14. Nxd5 cxd5 15. Rd3 O-O 16. g5 Rfc8 17. Rb3 Qe4 18. Rd1 Bc5 19. Qf2 Bxe3+
20. Rxe3 Rxc2+ 21. Qxc2 Qxe3+ 22. Qd2 Qe4 0-1

[Event "NCC Open Championship"]
[Site "Braeburn School"]
[Date "2022.08.19"]
[Round "4"]
[White "Felix Boera"]
[Black "Caleb Marani"]
[Result "1-0"]
[BlackElo "2400"]
[ECO "D35"]
[Opening "QGD"]
[Time "08:39:13"]
[Variation "Exchange, 4...Nxd5"]
[WhiteElo "2400"]
[TimeControl "300"]
[Termination "normal"]
[PlyCount "121"]
[WhiteType "human"]
[BlackType "human"]

1. d4 Nf6 2. c4 e6 3. Nc3 d5 4. cxd5 Nxd5 5. e4 Nb6 6. Be3 Nc6 7. Nf3 Be7
8. Bd3 O-O 9. O-O f5 10. d5 fxe4 11. Bxe4 exd5 12. Nxd5 Bg4 13. h3 Bh5 14.
Nxe7+ Qxe7 15. Qc2 Nb4 16. Bxh7+ Kh8 17. Qc5 N4d5 18. Qxe7 Nxe7 19. Be4 c6
20. Rfe1 Nbd5 21. Bc5 Rf6 22. Ne5 b6 23. Bxe7 Nxe7 24. Rac1 Rc8 25. g4 Be8
26. Rcd1 Re6 27. Nc4 Bg6 28. Nd6 Rc7 29. Bf3 Rxe1+ 30. Rxe1 Nd5 31. Bxd5
cxd5 32. Re2 Rc1+ 33. Kg2 Rc6 34. Nb5 a6 35. Nd4 Rc4 36. Rd2 Kg8 37. Kg3
Kf7 38. Kf4 Kf8 39. h4 Ke7 40. h5 Bh7 41. Ke5 Bg8 42. f4 Bf7 43. Nf5+ Kf8
44. Nd6 Rc5 45. Nxf7 Kxf7 46. g5 d4+ 47. Kxd4 Ke6 48. Ke4 Rc4+ 49. Kf3 Rc1
50. Re2+ Kf7 51. Kg4 Rg1+ 52. Kf5 Rh1 53. Rc2 Rxh5 54. Rc7+ Kf8 55. Ke6 g6
56. Rc6 Rh4 57. Ke5 Rh2 58. Rxb6 Re2+ 59. Kf6 Kg8 60. Kxg6 Kf8 61. f5 1-0

[Event "NCC Open Championship"]
[Site "Braeburn School"]
[Date "2022.08.19"]
[Round "4"]
[White "Mutaha Samuel Mwaniki"]
[Black "Zamir Zayan"]
[Result "1-0"]
[BlackElo "2400"]
[ECO "D94"]
[Opening "Grünfeld"]
[Time "08:39:13"]
[Variation "Slav/Schlecter, 6.Be2 O-O 7.O-O"]
[WhiteElo "2400"]
[TimeControl "300"]
[Termination "normal"]
[PlyCount "91"]
[WhiteType "human"]
[BlackType "human"]

1. d4 d5 2. Nf3 Nf6 3. c4 c6 4. Nc3 g6 5. e3 Bg7 6. Be2 O-O 7. O-O Bf5 8.
cxd5 cxd5 9. Qb3 e6 10. Nh4 Qb6 11. Nxf5 Qxb3 12. Ne7+ Kh8 13. axb3 Re8 14.
Nexd5 Nxd5 15. Nb5 Nc6 16. Bd2 a6 17. Nc3 Nc7 18. Rfc1 Rad8 19. Bf3 e5 20.
Bxc6 bxc6 21. Na4 exd4 22. exd4 Re2 23. Ba5 Rd7 24. Rxc6 Ne6 25. Nc5 Re7
26. Nxe6 R7xe6 27. Rc8+ Re8 28. Rxe8+ Rxe8 29. Bc3 Rd8 30. Ra4 Rd6 31. Kf1
h5 32. Ke2 Bh6 33. Rc4 Kg7 34. d5+ Kh7 35. Rc7 Rxd5 36. Rxf7+ Kg8 37. Rf6
Kh7 38. Rxa6 Rd7 39. Ra8 Bg7 40. b4 Bxc3 41. bxc3 Re7+ 42. Kd3 Rd7+ 43. Kc2
Re7 44. Kb3 Kg7 45. b5 Re1 46. Ra2 1-0

[Event "NCC Open Championship"]
[Site "Braeburn School"]
[Date "2022.08.19"]
[Round "4"]
[White "Jeremy Morara Michoma"]
[Black "James Todd"]
[Result "1-0"]
[BlackElo "2400"]
[ECO "C50"]
[Opening "Giuoco Piano"]
[Time "08:39:13"]
[Variation "4.O-O"]
[WhiteElo "2400"]
[TimeControl "300"]
[Termination "normal"]
[PlyCount "86"]
[WhiteType "human"]
[BlackType "human"]

1. e4 e5 2. Nf3 Nc6 3. Bc4 Bc5 4. O-O h6 5. c3 d6 6. d4 exd4 7. cxd4 Bb6 8.
Nc3 Bg4 9. h3 Bh5 10. g4 Bg6 11. Bb5 Ne7 12. d5 O-O 13. dxc6 Nxc6 14. Bxc6
bxc6 15. Bf4 Qf6 16. Bg3 Rfe8 17. Re1 Qd8 18. a3 Qd7 19. e5 d5 20. Na4 h5
21. Nxb6 cxb6 22. Qd4 hxg4 23. Qxg4 Bf5 24. Qh4 Bxh3 25. Ng5 Bf5 26. Kg2
Bg6 27. Rh1 Kf8 28. Qh8+ Ke7 29. Qxg7 Qf5 30. Nf3 Kd7 31. Rae1 c5 32. e6+
Rxe6 33. Rxe6 Qxe6 34. Ne5+ Ke7 35. Nxg6+ Qxg6 36. Re1+ Kd7 37. Qe5 Kc6 38.
a4 Rc8 39. Qe7 a6 40. Qa7 a5 41. Re7 Qe4+ 42. Rxe4 dxe4 43. Qe7 Kd5 1-0

[Event "NCC Open Championship"]
[Site "Braeburn School"]
[Date "2022.08.19"]
[Round "5"]
[White "Ian Mutuge"]
[Black "Ricky Sang"]
[Result "0-1"]
[BlackElo "2400"]
[ECO "B84"]
[Opening "Sicilian"]
[Time "08:39:13"]
[Variation "Scheveningen, Classical, 7.Be3"]
[WhiteElo "2400"]
[TimeControl "300"]
[Termination "normal"]
[PlyCount "48"]
[WhiteType "human"]
[BlackType "human"]

1. e4 c5 2. Nf3 d6 3. d4 cxd4 4. Nxd4 Nf6 5. Nc3 a6 6. Be2 e6 7. Be3 Be7 8.
f4 e5 9. Nb3 Qc7 10. f5 b5 11. a3 Bb7 12. Bf3 Nbd7 13. g4 Nb6 14. g5 Nfd7
15. Na5 Nc4 16. Nxc4 Qxc4 17. Qe2 Qxe2+ 18. Kxe2 Rc8 19. Rac1 Rc4 20. Kd2
Bd8 21. Rhd1 Ba5 22. b4 Bb6 23. Be2 Bxe3+ 24. Kxe3 Rxc3+ 0-1

[Event "NCC Open Championship"]
[Site "Braeburn School"]
[Date "2022.08.19"]
[Round "5"]
[White "James Panchol"]
[Black "Trevor Mulindi"]
[Result "1/2-1/2"]
[BlackElo "2400"]
[ECO "B01"]
[Opening "Scandinavian"]
[Time "08:39:13"]
[Variation "2...Qxd5 3.Nf3"]
[WhiteElo "2400"]
[TimeControl "300"]
[Termination "normal"]
[PlyCount "128"]
[WhiteType "human"]
[BlackType "human"]

1. e4 d5 2. exd5 Qxd5 3. Nf3 c6 4. Nc3 Qd6 5. d4 Nf6 6. Bc4 Bf5 7. Ne5 e6
8. O-O Nbd7 9. Bf4 Qb4 10. Bb3 Be7 11. Nc4 Nd5 12. Qd2 N7b6 13. Nxd5 exd5
14. Nxb6 Qxd2 15. Bxd2 axb6 16. Rae1 Kd7 17. Re5 Bg6 18. Ree1 Bd6 19. Be3
b5 20. Rc1 Rhe8 21. Rfe1 h5 22. c3 Bf5 23. a3 Re7 24. Bd1 Bg4 25. Bc2 Rae8
26. h3 Be6 27. Kf1 Rg8 28. f4 g6 29. Kf2 Bf5 30. Bb3 Rge8 31. Ra1 Re4 32.
Bc2 R4e7 33. Bxf5+ gxf5 34. g3 Re4 35. h4 Ra8 36. Bd2 Rxe1 37. Rxe1 Re8 38.
Ra1 Ra8 39. Ke2 Rg8 40. Be1 Ra8 41. Kd3 Kc7 42. Bf2 Kd7 43. Kc2 Re8 44. Kd3
Ra8 45. Re1 Re8 46. Rc1 Kc7 47. Rb1 Ra8 48. Re1 Kd7 49. Kc2 Re8 50. Rxe8
Kxe8 51. Kb3 Kd7 52. Be3 Be7 53. a4 Kc7 54. axb5 cxb5 55. Bd2 Kc6 56. Ka2
Bd6 57. b3 b6 58. Kb2 Be7 59. Bc1 Bd6 60. Ka2 Be7 61. Bb2 Bd6 62. Ba3 b4
63. Bxb4 Bxb4 64. cxb4 b5 1/2-1/2

[Event "NCC Open Championship"]
[Site "Braeburn School"]
[Date "2022.08.19"]
[Round "5"]
[White "Ezekiel Masiko"]
[Black "Willy Simons"]
[Result "1-0"]
[BlackElo "2400"]
[ECO "D87"]
[Opening "Grünfeld"]
[Time "08:39:13"]
[Variation "Classical Exchange, 8...c5"]
[WhiteElo "2400"]
[TimeControl "300"]
[Termination "normal"]
[PlyCount "35"]
[WhiteType "human"]
[BlackType "human"]

1. d4 Nf6 2. c4 g6 3. Nc3 d5 4. cxd5 Nxd5 5. e4 Nxc3 6. bxc3 Bg7 7. Bc4 c5
8. Ne2 O-O 9. Rb1 Nc6 10. Bb2 Bg4 11. f3 Na5 12. Bd3 Be6 13. d5 Bc8 14. c4
b6 15. Bxg7 Kxg7 16. h4 Ba6 17. Qd2 Bxc4 18. Qc3+ 1-0

[Event "NCC Open Championship"]
[Site "Braeburn School"]
[Date "2022.08.19"]
[Round "5"]
[White "Victor Hongo"]
[Black "Mutaha Samuel Mwaniki"]
[Result "1-0"]
[BlackElo "2400"]
[ECO "A36"]
[Opening "English"]
[Time "08:39:13"]
[Variation "Symmetrical, 3.g3 Nf6"]
[WhiteElo "2400"]
[TimeControl "300"]
[Termination "normal"]
[PlyCount "61"]
[WhiteType "human"]
[BlackType "human"]

1. c4 c5 2. Nc3 Nf6 3. g3 Nc6 4. Bg2 e6 5. d3 Be7 6. Nf3 b6 7. Bf4 Bb7 8.
Nb5 d6 9. O-O a6 10. Nc3 O-O 11. a3 Nh5 12. Be3 Qc7 13. d4 cxd4 14. Nxd4
Nf6 15. Nf3 Rad8 16. Na4 Qb8 17. Bxb6 Rd7 18. Qc2 Bd8 19. Be3 Ng4 20. Bf4
e5 21. Bg5 Bxg5 22. Nxg5 Nf6 23. Nb6 Rfd8 24. Nxd7 Rxd7 25. e3 h6 26. Ne4
Ne8 27. Rfd1 Qc7 28. Nc3 Nf6 29. Bh3 Rd8 30. Nd5 Nxd5 31. cxd5 1-0

[Event "NCC Open Championship"]
[Site "Braeburn School"]
[Date "2022.08.19"]
[Round "5"]
[White "Zamir Zayan"]
[Black "James Todd"]
[Result "0-1"]
[BlackElo "2400"]
[ECO "E60"]
[Opening "King's Indian"]
[Time "08:39:13"]
[Variation "Fianchetto without Nc3"]
[WhiteElo "2400"]
[TimeControl "300"]
[Termination "normal"]
[PlyCount "72"]
[WhiteType "human"]
[BlackType "human"]

1. d4 g6 2. c4 Nf6 3. Nf3 d6 4. g3 Bg7 5. Bg2 O-O 6. O-O Re8 7. Nc3 Qd7 8.
Re1 e5 9. dxe5 dxe5 10. Qxd7 Bxd7 11. Nxe5 Rxe5 12. Bxb7 Bc6 13. Bxa8 Bxa8
14. Bf4 Rh5 15. Rad1 Nbd7 16. e4 Bc6 17. e5 Ng4 18. h4 Ndxe5 19. Rd8+ Bf8
20. Bxe5 Nxe5 21. Red1 Kg7 22. b3 g5 23. Nd5 gxh4 24. Kg2 Bd6 25. Rh1 Ng4
26. Rxh4 Rxh4 27. gxh4 Nf6 28. Kf3 Nxd5 29. cxd5 Bxd5+ 30. Ke3 Kh6 31. Kd4
Be6 32. Ra8 Kh5 33. Rxa7 Kxh4 34. Ke4 h5 35. Ra8 Kh3 36. Rg8 f5+ 0-1

[Event "NCC Open Championship"]
[Site "Braeburn School"]
[Date "2022.08.19"]
[Round "6"]
[White "Ricky Sang"]
[Black "Trevor Mulindi"]
[Result "1/2-1/2"]
[BlackElo "2400"]
[ECO "A45"]
[Opening "Indian"]
[Time "08:39:13"]
[Variation "2.Bf4"]
[WhiteElo "2400"]
[TimeControl "300"]
[Termination "normal"]
[PlyCount "122"]
[WhiteType "human"]
[BlackType "human"]

1. d4 Nf6 2. Bf4 e6 3. e3 c5 4. c3 Qb6 5. Qb3 Qxb3 6. axb3 cxd4 7. exd4 Nc6
8. Na3 Bxa3 9. Rxa3 O-O 10. Bd6 Re8 11. Nf3 Ne4 12. Bf4 d5 13. Bd3 Nf6 14.
O-O Bd7 15. b4 a6 16. Rfa1 Na7 17. Ne5 Bb5 18. Bc2 Rac8 19. Re1 Nc6 20. Ba4
Bxa4 21. Rxa4 Na7 22. Nd3 Nd7 23. Raa1 Nb5 24. Re2 h6 25. h4 h5 26. Rae1
Na7 27. Nc5 Nxc5 28. bxc5 Nb5 29. Re5 g6 30. R1e3 Kg7 31. g4 Rh8 32. gxh5
Rxh5 33. Rxh5 gxh5 34. Re5 Rh8 35. Kf1 Na7 36. Rg5+ Kf8 37. Bd6+ Ke8 38.
Be5 f6 39. Bxf6 Rh7 40. Be5 Nc6 41. Bg3 Ne7 42. Ke2 Kd7 43. Kd3 Kc6 44. b3
Nf5 45. c4 Rg7 46. Rxh5 Nxg3 47. fxg3 Rxg3+ 48. Kc2 Rg4 49. Kc3 Rg3+ 50.
Kb4 Rg4 51. cxd5+ exd5 52. Rh6+ Kc7 53. h5 Rxd4+ 54. Kc3 Rh4 55. b4 Rh3+
56. Kd4 Rh4+ 57. Kxd5 Rxb4 58. Rh7+ Kc8 59. h6 Rh4 60. Rh8+ Kc7 61. h7 a5
1/2-1/2

[Event "NCC Open Championship"]
[Site "Braeburn School"]
[Date "2022.08.19"]
[Round "6"]
[White "Ian Mutuge"]
[Black "Ezekiel Masiko"]
[Result "1-0"]
[BlackElo "2400"]
[ECO "B80"]
[Opening "Sicilian"]
[Time "08:39:13"]
[Variation "Scheveningen, English Attack, 1.e4 c5 2.Nf3 d6 3.d4 cxd4 4.Nxd4 Nf6 5.Nc3 e6 6.Be3 a6 7.f3"]
[WhiteElo "2400"]
[TimeControl "300"]
[Termination "normal"]
[PlyCount "83"]
[WhiteType "human"]
[BlackType "human"]

1. e4 c5 2. Nf3 d6 3. d4 cxd4 4. Nxd4 Nf6 5. Nc3 a6 6. f3 e6 7. Be3 Be7 8.
Qd2 Nbd7 9. O-O-O Nb6 10. g4 Nfd7 11. g5 Ne5 12. b3 d5 13. f4 Ba3+ 14. Kb1
Nc6 15. Bg2 Nb4 16. Ka1 Nc6 17. exd5 Nxd5 18. Nxd5 exd5 19. Nxc6 bxc6 20.
Qc3 Qd6 21. Qxg7 Rf8 22. Rhe1 Kd7 23. Bd4 Qg6 24. Qe5 Bd6 25. Qe3 Qxc2 26.
Rd2 Qg6 27. Bb6 f5 28. gxf6 Qxf6+ 29. Kb1 Bb4 30. Rd3 Be7 31. Bd4 Qf7 32.
Bh3+ Kd8 33. Bb6+ Ke8 34. Bc5 Bxh3 35. Qxh3 Qf5 36. Rxe7+ Kd8 37. Qxf5 Rxf5
38. Rxh7 Rc8 39. Rg3 Rf8 40. Bxf8 Rc7 41. Rxc7 Kxc7 42. h4 1-0

[Event "NCC Open Championship"]
[Site "Braeburn School"]
[Date "2022.08.19"]
[Round "6"]
[White "Felix Boera"]
[Black "James Panchol"]
[Result "1/2-1/2"]
[BlackElo "2400"]
[ECO "D43"]
[Opening "Semi-Slav"]
[Time "08:39:13"]
[Variation "Botvinnik (Anti-Meran)"]
[WhiteElo "2400"]
[TimeControl "300"]
[Termination "normal"]
[PlyCount "76"]
[WhiteType "human"]
[BlackType "human"]

1. d4 d5 2. c4 c6 3. Nc3 Nf6 4. Nf3 e6 5. Bg5 Bb4 6. Qc2 h6 7. Bxf6 Qxf6 8.
e3 O-O 9. Rc1 Nd7 10. a3 Bxc3+ 11. Qxc3 dxc4 12. Bxc4 Nb6 13. Ba2 Nd5 14.
Qc2 Qd8 15. O-O Bd7 16. Bb1 g6 17. Ne5 Be8 18. Qe2 Kg7 19. Rfd1 Qg5 20. f4
Qe7 21. Qf2 f6 22. Nd3 Bf7 23. e4 Nc7 24. Nc5 Rab8 25. Qh4 Rfe8 26. Rc3 g5
27. fxg5 fxg5 28. Qg3 Nb5 29. Rf3 Bh5 30. Qe5+ Kh7 31. Rf6 Qc7 32. Rxh6+
Kxh6 33. Qf6+ Kh7 34. e5+ Kg8 35. Qxg5+ Qg7 36. Qxh5 Qh8 37. Qg4+ Qg7 38.
Qh5 Qh8 1/2-1/2

[Event "NCC Open Championship"]
[Site "Braeburn School"]
[Date "2022.08.19"]
[Round "6"]
[White "Mutaha Samuel Mwaniki"]
[Black "Veniamin Negru"]
[Result "1-0"]
[BlackElo "2400"]
[ECO "A97"]
[Opening "Dutch"]
[Time "08:39:13"]
[Variation "Ilyin-Zhenevsky, Winter Variation"]
[WhiteElo "2400"]
[TimeControl "300"]
[Termination "normal"]
[PlyCount "55"]
[WhiteType "human"]
[BlackType "human"]

1. d4 f5 2. Nf3 Nf6 3. g3 e6 4. Bg2 d6 5. c4 Be7 6. Nc3 O-O 7. O-O Qe8 8.
Re1 Bd8 9. e4 fxe4 10. Nxe4 Qh5 11. Nxf6+ Bxf6 12. Be3 Nc6 13. Qb3 Rb8 14.
Qa4 Bd7 15. Qb3 Ne7 16. c5 d5 17. Bf4 Rfc8 18. Ne5 Be8 19. Bf3 Qf5 20. Bg4
Qxg4 21. Nxg4 Bxd4 22. Rxe6 Bxc5 23. Rae1 Kf8 24. Ne5 Bd6 25. Bg5 c6 26.
Qf3+ Kg8 27. Bxe7 Bxe5 28. Qf8# 1-0

[Event "NCC Open Championship"]
[Site "Braeburn School"]
[Date "2022.08.19"]
[Round "6"]
[White "Victor Hongo"]
[Black "Zamir Zayan"]
[Result "1/2-1/2"]
[BlackElo "2400"]
[ECO "D10"]
[Opening "Slav"]
[Time "08:39:13"]
[Variation "3.Nc3 Nf6"]
[WhiteElo "2400"]
[TimeControl "300"]
[Termination "normal"]
[PlyCount "94"]
[WhiteType "human"]
[BlackType "human"]

1. c4 Nf6 2. d4 c6 3. Nc3 d5 4. g3 g6 5. Bg2 Bg7 6. Bg5 O-O 7. c5 Nbd7 8.
Qd2 Re8 9. Bh6 e5 10. Bxg7 Kxg7 11. e3 exd4 12. Qxd4 Qe7 13. b4 Qe5 14.
Nge2 Qxd4 15. exd4 a5 16. bxa5 Rxa5 17. O-O Nf8 18. Rfb1 Ne6 19. Rb4 Re7
20. h4 Nd8 21. Nf4 Bf5 22. Na4 Ne4 23. Bh3 Bxh3 24. Nxh3 Nd2 25. Nf4 Nc4
26. Nc3 Ne6 27. Nxe6+ fxe6 28. Rab1 Ra3 29. Rxb7 Rxb7 30. Rxb7+ Kh6 31. Rb3
Rxb3 32. axb3 Nd2 33. Ne2 Nxb3 34. f4 Kg7 35. Kg2 Kf6 36. g4 h5 37. Kg3 Nd2
38. Ng1 Nb3 39. Nf3 Nc1 40. gxh5 gxh5 41. Kf2 Kf5 42. Ke3 Nb3 43. Ne5 Na5
44. Kf3 Kf6 45. Nd7+ Kf5 46. Ne5 Kf6 47. Ke3 Kf5 1/2-1/2

[Event "NCC Open Championship"]
[Site "Braeburn School"]
[Date "2022.08.19"]
[Round "6"]
[White "James Todd"]
[Black "Willy Simons"]
[Result "0-1"]
[BlackElo "2400"]
[ECO "C50"]
[Opening "Giuoco Pianissimo"]
[Time "08:39:13"]
[Variation "4.d3 Nf6 5.O-O d6"]
[WhiteElo "2400"]
[TimeControl "300"]
[Termination "normal"]
[PlyCount "86"]
[WhiteType "human"]
[BlackType "human"]

1. e4 e5 2. Nf3 Nc6 3. Bc4 Nf6 4. d3 Bc5 5. O-O d6 6. h3 h6 7. Be3 Bxe3 8.
fxe3 O-O 9. Nc3 Na5 10. Bb3 Nxb3 11. axb3 c6 12. Nh2 b5 13. Ne2 a5 14. Ng3
Be6 15. Nf5 Bxf5 16. Rxf5 Qe7 17. Ng4 Nxg4 18. Qxg4 a4 19. b4 Ra7 20. Raf1
Kh7 21. c3 Qe6 22. Qh4 a3 23. bxa3 Rxa3 24. Re1 Rfa8 25. Kh2 Ra2 26. Qg3
Rd2 27. Ref1 f6 28. h4 Raa2 29. R5f2 Rxd3 30. Rxa2 Qxa2 31. Rf2 Qf7 32. Qh3
Rxc3 33. Rd2 Qg6 34. Qf3 Rc4 35. Rxd6 Rxe4 36. Kh3 Rxb4 37. Rd8 Qe4 38.
Qxe4+ Rxe4 39. h5 Rxe3+ 40. Kg4 Re4+ 41. Kf5 Rf4+ 42. Ke6 Rg4 43. Kf7 Rxg2
0-1